 Dungeon Crawl Stone Soup version 0.28-a0-1567-g1695149f81 (webtiles) character file.

Game seed: 16027366349009320973

126 dolemite99 the Chopper (level 4, 0/40 HPs)
             Began as a Deep Dwarf Fighter on Jan 20, 2022.
             Slain by Crazy Yiuf (5 damage)
             ... on level 2 of the Dungeon.
             The game lasted 00:01:45 (1371 turns).

dolemite99 the Chopper (Deep Dwarf Fighter)         Turns: 1371, Time: 00:01:46

Health: 0/40       AC: 10    Str: 22    XL:     4   Next: 83%
Magic:  4/4        EV:  9    Int:  8    God:
Gold:   31         SH:  4    Dex: 12    Spells: 3/3 levels left

rFire   . . .      SeeInvis .   b - +1 dagger (elec)
rCold   . . .      Faith    .   c - +0 buckler
rNeg    . . .      Spirit   .   l - +0 scale mail
rPois   .          Reflect  .   f - +2 helmet
rElec   .          Harm     .   (no cloak)
rCorr   .          Rampage  .   (no gloves)
Will    .....                   (no boots)
Stlth   ..........              (no amulet)
HPRegen 0.00/turn               (no ring)
MPRegen 0.09/turn               (no ring)

@: no status effects
A: damage resistance, heal wounds, sense surroundings 1, no regeneration
a: Heal Wounds


You were on level 2 of the Dungeon.
You visited 1 branch of the dungeon, and saw 2 of its levels.

You collected 31 gold pieces.

Inventory:

Hand Weapons
 a - a +0 war axe
 b - a +1 dagger of electrocution (weapon)
Missiles
 g - 45 arrows
Armour
 c - a +0 buckler (worn)
 f - a +2 helmet (worn)
 l - a +0 scale mail (worn)
Wands
 n - a wand of flame (11)
Scrolls
 e - a scroll of noise {unknown}
 h - 4 scrolls of identify {unknown}
 k - a scroll of teleportation {unknown}
 o - a scroll of amnesia {unknown}
Potions
 d - a potion of might
 i - 3 potions of curing {unknown}
 j - 2 potions of heal wounds {unknown}
 m - a potion of brilliance {unknown}
 p - a potion of haste {unknown}


   Skills:
 - Level 2.6 Fighting
 + Level 5.6 Axes
 - Level 3.2 Armour
 - Level 3.2 Shields


You had 3 spell levels left.
You didn't know any spells.
Your spell library contained the following spells:

 Spells                   Type           Power      Damage    Failure   Level
 Portal Projectile        Hex/Tloc       0%         N/A       99%         3
 Blade Hands              Tmut           0%         N/A       100%        5
 Excruciating Wounds      Necr           0%         N/A       100%        5


Dungeon Overview and Level Annotations

Branches:
Dungeon (2/15)

Altars:

Annotations:
D:2 Crazy Yiuf


Innate Abilities, Weirdness & Mutations

You are resistant to damage.
You can heal yourself by infusing magical energy.
You passively map a small area around you.
You do not regenerate.


Message History

You block the iguana's attack.
You hit the iguana.
You kill the iguana!
Found a mace.
Found a runed translucent door.
Crazy Yiuf shouts!
Crazy Yiuf says, "East hog light!"
You open the door. You hit Crazy Yiuf but do no damage.
Crazy Yiuf closely misses you.
You hit Crazy Yiuf. Lightning courses through Crazy Yiuf!
Crazy Yiuf is heavily wounded.
Crazy Yiuf says, "Dawk!
Iron shoe shrimp."
Crazy Yiuf closely misses you.
You hit Crazy Yiuf but do no damage.
Crazy Yiuf is heavily wounded.
Crazy Yiuf hits you but does no damage.
You hit Crazy Yiuf.
Crazy Yiuf is heavily wounded.
Crazy Yiuf closely misses you.
You barely miss Crazy Yiuf.
Crazy Yiuf is heavily wounded.
You block Crazy Yiuf's attack.
You hit Crazy Yiuf.
Crazy Yiuf is severely wounded.
You block Crazy Yiuf's attack.
You closely miss Crazy Yiuf.
Crazy Yiuf is severely wounded.
Crazy Yiuf hits you with a +4 quarterstaff of chaos!
Crazy Yiuf draws strength from your wounds!
You hit Crazy Yiuf.
Crazy Yiuf is heavily wounded.
You block Crazy Yiuf's attack.
You hit Crazy Yiuf.
Crazy Yiuf is severely wounded.
Crazy Yiuf hits you with a +4 quarterstaff of chaos.
Space warps horribly around you!
* * * LOW HITPOINT WARNING * * *
You barely miss Crazy Yiuf.
Crazy Yiuf is severely wounded.
Crazy Yiuf hits you with a +4 quarterstaff of chaos.
You die...

#.####............#####.#
#.# ##..########## #.#
#.# ##.# ##.#### #.# ###
##### #.....# ###.# #..)#
###..##.# #...# #...#
#....##.# ....# ...*
####.##.#### #.#.# #####
*#g# #.##..... #.#.#
#...# ♣♣@♣ ####.....###
#.#.# #.### ♣.♣♣
#........... #.#.####.#
♣♣.♣ ########.###
#.#......### ♣.♣♣ #.#
#.#####....# ♣♣.♣♣
########.# #........#.#
♣...♣♣ #........#
#..........# ♣.♣..♣
########## #.########.#
#....# ...>.......#
#....#### ###


You could see Crazy Yiuf.

Vanquished Creatures
  An iguana (D:2)
  Jessica (D:2)
  An adder (D:2)
  A worm (D:2)
  4 dart slugs
  3 ball pythons
  5 endoplasms
  A giant cockroach (D:1)
  2 goblins (D:1)
  6 hobgoblins (D:1)
  3 jackals (D:2)
  6 kobolds
  2 quokkas
  9 bats
  A frilled lizard (D:1)
  3 rats (D:1)
49 creatures vanquished.

Notes
Turn   | Place    | Note
-------+----------+-------------------------------------------
     0 | D:1      | dolemite99 the Deep Dwarf Fighter began the quest for the
                  | Orb.
     0 | D:1      | Reached XP level 1. HP: 20/20 MP: 1/1
    56 | D:1      | Reached skill level 3 in Axes
    57 | D:1      | Reached XP level 2. HP: 27/27 MP: 2/2
   211 | D:1      | You fall into a shaft and drop 1 floor!
   288 | D:2      | Reached XP level 3. HP: 26/33 MP: 3/3
   390 | D:2      | Reached skill level 4 in Axes
  1012 | D:2      | Noticed Jessica
  1019 | D:2      | Killed Jessica
  1020 | D:2      | Reached skill level 5 in Axes
  1020 | D:2      | Reached XP level 4. HP: 40/40 MP: 4/4
  1081 | D:2      | Found a faded altar of an unknown god.
  1357 | D:2      | Found a runed translucent door.
  1358 | D:2      | Noticed Crazy Yiuf
  1371 | D:2      | Slain by Crazy Yiuf

Illustrated notes

Levels and vault maps discovered:
D:1:      shiori_shiawase, layout_basic, corexii_leaking_fountain, minivault_26
D:2:      layout_loops_ring, chequers_ecumenical_altar_simple_redux,
          minmay_tree_intersection, uniq_crazy_yiuf_cottage, uniq_jessica

Skill      XL: |  1  2  3 |
---------------+----------+-----
Axes           | 3 5 |  5.6
Fighting       | |  2.6
Armour         | |  3.2
Shields        | |  3.2

Action                   |  1- 3 |  4- 6 || total
-------------------------+-------+-------++-------
Melee: War axe           |    77 |       ||    77
       Dagger            |    22 |    41 ||    63
 Abil: Heal Wounds       |     1 |       ||     1
Armor: Scale mail        |    60 |    16 ||    76
Dodge: Dodged            |    51 |     8 ||    59
Block: Buckler           |    27 |     7 ||    34

Table legend: (Time is in decaauts)
 A = Elapsed time spent in this place.
 B = Non-inter-level travel time spent in this place.
 C = Inter-level travel time spent in this place.
 D = Time resting spent in this place.
 E = Time spent auto-exploring this place.
 F = Levels seen in this place.
 G = Mean time per level.
                   A        B        C        D        E       F      G
               +--------+--------+--------+--------+--------+-----+--------+
         Total |   1401 |   1369 |     32 |      0 |    986 |   2 |  700.5 |
       Dungeon |   1401 |   1369 |     32 |      0 |    986 |   2 |  700.5 |
               +--------+--------+--------+--------+--------+-----+--------+

Top non-repeatable levels by time:
     D:1: 804 daAuts
     D:2: 597 daAuts
